[Event "7. Arber-Senioren-Cup 2019"]
[Site "Bodenmais"]
[Date "2019.07.29"]
[Round "3.25"]
[White "Ketzscher, Roland"]
[Black "Otto, Klaus"]
[Result "1/2-1/2"]
[ECO "D43"]
[WhiteElo "1917"]
[BlackElo "1725"]
[Annotator "NA"]
[PlyCount "51"]
[EventDate "2019.07.27"]
[EventType "swiss"]
[EventCountry "GER"]
[SourceTitle "playchess.com"]
[Source "ChessBase"]
[SourceQuality "1"]
[TimeControl "5400+30"]

1. d4 Nf6 2. Nf3 d5 3. c4 e6 4. Nc3 c6 5. Bg5 Be7 6. e3 Nh5 7. Bxe7 Qxe7 8. Rc1 O-O 9. Be2 Nf6 10. O-O h6 11. c5 Nbd7 12. b4 e5 13. dxe5 Nxe5 14. Nd4 Bg4 15. Bxg4 Nexg4 16. h3 Ne5 17. Nf5 Qd7 18. Nd6 Ne8 19. Nxe8 Rfxe8 20. Ne2 Qf5 21. Nd4 Qg6 22. Qc2 Qxc2 23. Rxc2 g6 24. Rb1 a6 25. a4 Nc4 26. Rb3 1/2-1/2

[Event "7. Arber-Senioren-Cup 2019"]
[Site "Bodenmais"]
[Date "2019.07.29"]
[Round "3.26"]
[White "Loibl, Johann"]
[Black "Schmid, Johann"]
[Result "1/2-1/2"]
[ECO "C01"]
[WhiteElo "1760"]
[BlackElo "1842"]
[Annotator "NA"]
[PlyCount "54"]
[EventDate "2019.07.27"]
[EventType "swiss"]
[EventCountry "GER"]
[SourceTitle "playchess.com"]
[Source "ChessBase"]
[SourceQuality "1"]
[TimeControl "5400+30"]

1. e4 e6 2. d4 d5 3. exd5 exd5 4. Bd3 Nc6 5. Nf3 Bg4 6. c3 Nf6 7. O-O h6 8. Re1+ Be7 9. h3 Be6 10. Bf4 O-O 11. Qc2 Bd6 12. Ne5 Re8 13. Nd2 Bxe5 14. dxe5 Nd7 15. Nf3 Ne7 16. Nd4 Nf8 17. Rad1 a6 18. Nxe6 Nxe6 19. Be3 c5 20. f4 Rc8 21. f5 Nf8 22. f6 Neg6 23. fxg7 Kxg7 24. Qd2 Qh4 25. Bf2 Qf4 26. Be3 Qh4 27. Bf5 Rc7 1/2-1/2

[Event "7. Arber-Senioren-Cup 2019"]
[Site "Bodenmais"]
[Date "2019.07.29"]
[Round "3.27"]
[White "Trinkl, Andreas"]
[Black "Meul, Willi"]
[Result "1/2-1/2"]
[ECO "B23"]
[WhiteElo "1620"]
[BlackElo "1904"]
[Annotator "NA"]
[PlyCount "37"]
[EventDate "2019.07.27"]
[EventType "swiss"]
[EventCountry "GER"]
[SourceTitle "playchess.com"]
[Source "ChessBase"]
[SourceQuality "1"]
[TimeControl "5400+30"]

1. e4 c5 2. Nc3 d6 3. f4 g6 4. Nf3 Bg7 5. Bc4 e6 6. d3 Ne7 7. O-O O-O 8. Qe1 Nbc6 9. Bd2 a6 10. a4 d5 11. Bb3 Re8 12. Qh4 Nd4 13. f5 exf5 14. Bg5 Nxb3 15. Nxd5 f6 16. Bxf6 Kf8 17. Bxg7+ Kxg7 18. Qf6+ Kh6 19. Qg5+ {Rh8} 1/2-1/2

[Event "7. Arber-Senioren-Cup 2019"]
[Site "Bodenmais"]
[Date "2019.07.30"]
[Round "4.1"]
[White "Koehler, Gerhard"]
[Black "Blechzin, Igor"]
[Result "0-1"]
[ECO "A20"]
[WhiteElo "2197"]
[BlackElo "2221"]
[Annotator "NA"]
[PlyCount "64"]
[EventDate "2019.07.27"]
[EventType "swiss"]
[EventCountry "GER"]
[SourceTitle "playchess.com"]
[Source "ChessBase"]
[SourceQuality "1"]
[TimeControl "5400+30"]

1. c4 e5 2. g3 Nf6 3. Bg2 d5 4. cxd5 Nxd5 5. Nc3 Nb6 6. Nf3 Nc6 7. O-O Be7 8. Rb1 O-O 9. b4 Bf5 10. b5 Nd4 11. d3 Bf6 12. Nxd4 exd4 13. Ne4 Be7 14. Qc2 Be6 15. Nc5 Bxc5 16. Qxc5 Na4 17. Qc2 Nc3 18. Rb2 c6 19. bxc6 bxc6 20. e4 Qa5 21. Bf4 Rfd8 22. h4 c5 23. Rc1 c4 24. Bf1 Rac8 25. dxc4 Bxc4 26. Bxc4 Rxc4 27. Qd3 Qc5 28. Kg2 h6 29. Rb7 Rc8 30. Qf3 Qc6 31. Rxa7 Qxe4 32. Rxc3 dxc3 {[%emt 0:00:09] Qe2 Qd5+ Qf3} 0-1

[Event "7. Arber-Senioren-Cup 2019"]
[Site "Bodenmais"]
[Date "2019.07.30"]
[Round "4.2"]
[White "Herbold, Manfred"]
[Black "Lorenc, Tomas"]
[Result "1/2-1/2"]
[ECO "A00"]
[WhiteElo "2081"]
[BlackElo "2158"]
[Annotator "NA"]
[PlyCount "30"]
[EventDate "2019.07.27"]
[EventType "swiss"]
[EventCountry "GER"]
[SourceTitle "playchess.com"]
[Source "ChessBase"]
[SourceQuality "1"]
[TimeControl "5400+30"]

1. Nc3 c5 2. Nf3 g6 3. e4 Bg7 4. Bc4 Nc6 5. a4 d6 6. d3 a6 7. Ng5 Ne5 8. Bb3 h6 9. Nf3 Bg4 10. Nb1 b5 11. Bd5 Bxf3 12. gxf3 Rb8 13. axb5 axb5 14. f4 Nd7 15. f5 Ne5 1/2-1/2

[Event "7. Arber-Senioren-Cup 2019"]
[Site "Bodenmais"]
[Date "2019.07.30"]
[Round "4.3"]
[White "Pirrot, Dieter"]
[Black "Glaessl, Matthias"]
[Result "1-0"]
[ECO "A50"]
[WhiteElo "2315"]
[BlackElo "2148"]
[Annotator "ChessBase"]
[PlyCount "75"]
[EventDate "2019.07.27"]
[EventType "swiss"]
[EventCountry "GER"]
[SourceTitle "playchess.com"]
[Source "ChessBase"]
[SourceQuality "1"]
[TimeControl "5400+30"]

1. d4 Nf6 2. c4 b6 3. f3 Nc6 4. e3 e6 5. a3 d5 6. Nc3 Na5 7. cxd5 exd5 8. e4 dxe4 9. fxe4 c5 10. Bg5 cxd4 11. e5 dxc3 12. Qxd8+ Kxd8 13. exf6 Kc7 14. Rc1 Nc6 15. Rxc3 a5 16. Nf3 Kb7 17. Bc4 Be6 18. O-O Bxc4 19. Rxc4 Bc5+ 20. Rxc5 bxc5 21. fxg7 Rhg8 22. Bh6 Nd8 23. Ne5 Ra6 24. Nxf7 Rxh6 25. Nxh6 Rxg7 26. Nf5 Rd7 27. g4 Kc6 28. h4 Ne6 29. g5 Nd4 30. Ne3 Re7 31. Rf6+ Kb5 32. Kf2 Re5 33. Rf7 Ne6 34. Rb7+ Ka4 35. Rxh7 Nxg5 36. hxg5 Rxg5 37. b3+ Kb5 38. a4+ {[%emt 0:00:55] c4 Nxc4+ Rg8 Rb7+} 1-0

[Event "7. Arber-Senioren-Cup 2019"]
[Site "Bodenmais"]
[Date "2019.07.30"]
[Round "4.4"]
[White "Pribyl, Josef"]
[Black "Riedl, Maximilian"]
[Result "1-0"]
[ECO "D02"]
[WhiteElo "2234"]
[BlackElo "1905"]
[Annotator "NA"]
[PlyCount "97"]
[EventDate "2019.07.27"]
[EventType "swiss"]
[EventCountry "GER"]
[SourceTitle "playchess.com"]
[Source "ChessBase"]
[SourceQuality "1"]
[TimeControl "5400+30"]

1. d4 d5 2. Nf3 c6 3. g3 e6 4. Bg2 Nd7 5. O-O Bd6 6. Nbd2 {[%emt 0:00:00] D02: 1 d4 d5 2 Nf3 sidelines, including 2...Nf6 3 g3 and 2...Nf6 3 Bf4} f5 7. c4 Ne7 8. b3 O-O 9. Bb2 Qe8 $146 ({Predecessor:} 9... h6 10. Rc1 g5 11. Ne5 Rf6 12. f4 Nf8 13. fxg5 hxg5 {1-0 (37) Nisipeanu,L (2678)-Neri,E (2114) Saint Vincent 2004}) 10. Ne5 Ng6 11. f4 Nf6 12. e3 Ne4 13. Nxe4 fxe4 14. Qg4 Bb4 15. a3 Ba5 16. h4 Ne7 17. Kh2 Nf5 18. Qe2 Bd8 19. Bh3 Rf6 20. Rg1 Rh6 21. Bc3 a5 22. Be1 dxc4 23. bxc4 Bc7 24. c5 b5 25. Bg2 Bxe5 26. dxe5 b4 27. Bxe4 Ba6 28. Qf3 Ne7 29. axb4 axb4 30. Bxb4 Nd5 31. Be1 Bc4 32. Rxa8 Qxa8 33. Bf2 Qa3 34. Bb1 Ne7 35. Qd1 Qxc5 36. Qd2 Kf7 (36... Qd5 $142 37. Qb4 c5) 37. e4 Qa3 38. Rc1 $18 Qb3 39. Qc3 Qxc3 40. Rxc3 Bb5 41. Ra3 g5 42. fxg5 Rg6 43. Ra7 Rg8 44. Bc5 Re8 45. g4 Bc4 46. Kg3 Rb8 47. Rxe7+ Kg6 48. Be3 h5 49. gxh6 {[%emt 0:00:23] Kg5} 1-0

[Event "7. Arber-Senioren-Cup 2019"]
[Site "Bodenmais"]
[Date "2019.07.30"]
[Round "4.5"]
[White "Nickl, Klaus"]
[Black "Godoj, Veit"]
[Result "1/2-1/2"]
[ECO "D02"]
[WhiteElo "1988"]
[BlackElo "1995"]
[Annotator "NA"]
[PlyCount "57"]
[EventDate "2019.07.27"]
[EventType "swiss"]
[EventCountry "GER"]
[SourceTitle "playchess.com"]
[Source "ChessBase"]
[SourceQuality "1"]
[TimeControl "5400+30"]

1. d4 d5 2. Nf3 e6 3. Bf4 Nf6 4. e3 Bd6 5. Bg3 Ne4 6. Nbd2 Nxg3 7. hxg3 Nd7 8. e4 b6 9. e5 Bf8 10. Bd3 g6 11. g4 a6 12. c3 Bg7 13. g5 Bb7 14. Qe2 c5 15. Qe3 Qe7 16. a3 c4 17. Bc2 b5 18. Ke2 Kd8 19. Qf4 Kc7 20. Nf1 a5 21. Ne3 b4 22. axb4 axb4 23. Rxa8 Bxa8 24. Ng4 b3 25. Bd1 Kd8 26. Nf6 Nf8 27. Qc1 Qa7 28. Nd2 h6 29. Nf3 1/2-1/2

[Event "7. Arber-Senioren-Cup 2019"]
[Site "Bodenmais"]
[Date "2019.07.30"]
[Round "4.6"]
[White "Gottwald, Helmut"]
[Black "Puehn, Georg"]
[Result "0-1"]
[ECO "D05"]
[WhiteElo "1579"]
[BlackElo "1990"]
[Annotator "NA"]
[PlyCount "170"]
[EventDate "2019.07.27"]
[EventType "swiss"]
[EventCountry "GER"]
[SourceTitle "playchess.com"]
[Source "ChessBase"]
[SourceQuality "1"]
[TimeControl "5400+30"]

1. Nf3 d5 2. d4 Nf6 3. e3 e6 4. c4 Be7 5. Nc3 O-O 6. Bd3 b6 7. Qc2 Bb7 8. cxd5 exd5 9. Ng5 h6 10. Nh7 Re8 11. Nxf6+ Bxf6 12. O-O a6 13. Bd2 Nd7 14. Rfe1 c5 15. dxc5 Nxc5 16. Bf1 Rc8 17. Qd1 b5 18. a3 Ne4 19. Rc1 Nxd2 20. Qxd2 d4 21. exd4 Qxd4 22. Qxd4 Bxd4 23. Rxe8+ Rxe8 24. Rd1 Bf6 25. Rd7 Re7 26. Rd8+ Kh7 27. Nd5 Bxd5 28. Rxd5 Bxb2 29. Rd3 Re1 30. Rb3 Bd4 31. a4 bxa4 32. Ra3 Rd1 33. Rd3 Rxd3 34. Bxd3+ Kg8 35. Bxa6 Kf8 36. Kf1 Ke7 37. Ke2 Kd6 38. Bc4 f6 39. f3 Kc5 40. Kd3 Bg1 41. h3 Bh2 42. Bf7 f5 43. Ke3 Be5 44. Be6 g6 45. Bf7 a3 46. g4 fxg4 47. fxg4 g5 48. Ke4 Bg7 49. Kf5 Kd4 50. Kg6 Bf8 51. Kh7 Ke3 52. Kg8 Be7 53. Kg7 Kf3 54. Kxh6 Kg3 55. Be6 Kxh3 56. Kg6 Kh4 57. Kf5 Bd6 58. Ba2 Bf4 59. Be6 Kg3 60. Ke4 Kf2 61. Bd5 Ke2 62. Kd4 Kd2 63. Bc4 Kc2 64. Be6 Kb2 65. Kd3 a2 66. Bxa2 Kxa2 67. Kc2 Be5 68. Kd2 Kb3 69. Kd3 Bf4 70. Ke4 Kc4 71. Kf3 Kd4 72. Kf2 Ke4 73. Kg2 Bd6 74. Kf2 Kf4 75. Kf1 Kxg4 76. Kg2 Kf4 77. Kh2 Kf3+ 78. Kh1 Bc5 79. Kh2 g4 80. Kh1 Bd6 81. Kg1 Kg3 82. Kh1 Kf3 83. Kg1 g3 84. Kh1 g2+ 85. Kg1 Bc5+ 0-1

[Event "7. Arber-Senioren-Cup 2019"]
[Site "Bodenmais"]
[Date "2019.07.30"]
[Round "4.7"]
[White "Hilbig, Dieter"]
[Black "Kuempers, Ulrich"]
[Result "0-1"]
[ECO "B13"]
[WhiteElo "1943"]
[BlackElo "2030"]
[Annotator "NA"]
[PlyCount "90"]
[EventDate "2019.07.27"]
[EventType "swiss"]
[EventCountry "GER"]
[SourceTitle "playchess.com"]
[Source "ChessBase"]
[SourceQuality "1"]
[TimeControl "5400+30"]

1. e4 c6 2. d4 d5 3. exd5 cxd5 4. Bd3 Nc6 5. c3 Nf6 6. Bf4 Bg4 7. Nf3 e6 8. Qb3 Qc8 9. Nbd2 Be7 10. O-O O-O 11. Qc2 g6 12. Ne5 Bf5 13. Ndf3 Nb4 14. cxb4 Qxc2 15. Bxc2 Bxc2 16. Rac1 Rfc8 17. Ng5 Nh5 18. Bd2 f6 19. Nxg6 hxg6 20. Nxe6 Bf5 21. Nc7 Rab8 22. Nxd5 Bd6 23. f3 Be6 24. Ne3 Nf4 25. Rxc8+ Rxc8 26. Kf2 Nd3+ 27. Kg1 Bxa2 28. Ng4 f5 29. Ra1 Bxb4 30. Nf6+ Kf7 31. Bg5 Be7 32. Rxa2 Bxf6 33. h4 Bxd4+ 34. Kh2 Nxb2 35. Ra5 Bb6 36. Rd5 Ke6 37. Rd2 Nc4 38. Re2+ Kd5 39. Re7 Bc7+ 40. Kh3 b5 41. Rd7+ Kc5 42. Rg7 b4 43. Rxg6 b3 44. Be7+ Bd6 45. Bf6 Be5 0-1

[Event "7. Arber-Senioren-Cup 2019"]
[Site "Bodenmais"]
[Date "2019.07.30"]
[Round "4.8"]
[White "Waltenberger, Udo"]
[Black "Augustin, Christian"]
[Result "1-0"]
[ECO "A40"]
[WhiteElo "1986"]
[BlackElo "1971"]
[Annotator "NA"]
[PlyCount "43"]
[EventDate "2019.07.27"]
[EventType "swiss"]
[EventCountry "GER"]
[SourceTitle "playchess.com"]
[Source "ChessBase"]
[SourceQuality "1"]
[TimeControl "5400+30"]

1. d4 b6 2. Nf3 Bb7 3. g3 e6 4. Bg2 Ne7 5. O-O d6 6. c4 Nd7 7. b3 g6 8. Bb2 Bg7 9. Nc3 a6 10. Qc2 O-O 11. e4 c5 12. d5 e5 13. Rae1 f5 14. Ng5 Rf6 15. Ne6 Qc8 16. f4 Rf7 17. exf5 gxf5 18. Nxg7 Rxg7 19. fxe5 Nxe5 20. Na4 Qc7 21. Bxe5 dxe5 22. d6 1-0

[Event "7. Arber-Senioren-Cup 2019"]
[Site "Bodenmais"]
[Date "2019.07.30"]
[Round "4.9"]
[White "Schuster, Herbert"]
[Black "Greul, Hans"]
[Result "0-1"]
[ECO "C00"]
[WhiteElo "1774"]
[BlackElo "2009"]
[Annotator "NA"]
[PlyCount "106"]
[EventDate "2019.07.27"]
[EventType "swiss"]
[EventCountry "GER"]
[SourceTitle "playchess.com"]
[Source "ChessBase"]
[SourceQuality "1"]
[TimeControl "5400+30"]

1. e4 e6 2. Nf3 d5 3. exd5 exd5 4. d4 Nf6 5. Bg5 Bd6 6. Bd3 O-O 7. O-O Bg4 8. Nbd2 Nbd7 9. h3 Bh5 10. c3 c6 11. Qc2 Qc7 12. Rfe1 Rfe8 13. Bxf6 Nxf6 14. Ng5 Bg6 15. Bxg6 hxg6 16. Rxe8+ Rxe8 17. Ndf3 Bf4 18. g3 Bd6 19. Re1 Rxe1+ 20. Nxe1 Bxg3 21. Nef3 Bf4 22. Qe2 Bxg5 23. Nxg5 Qf4 24. Qe3 Qf5 25. Qe5 Qxe5 26. dxe5 Ne8 27. e6 f6 28. Nf7 Kf8 29. Nh8 Ke7 30. Nxg6+ Kxe6 31. Kg2 Nd6 32. Kf3 Nc4 33. Nf4+ Kf5 34. Nh5 g5 35. b3 Nd2+ 36. Ke3 Ne4 37. c4 d4+ 38. Kxd4 Nxf2 39. Ng7+ Kf4 40. Nh5+ Kf5 41. Ng7+ Kg6 42. Ne6 Nxh3 43. Nd8 Nf4 44. Nxb7 Ne6+ 45. Ke3 f5 46. Nd6 g4 47. Nc8 f4+ 48. Kf2 Kg5 49. Nd6 g3+ 50. Kg1 f3 51. Ne4+ Kf4 52. Nd2 Nd4 53. Kh1 Ne2 0-1

[Event "7. Arber-Senioren-Cup 2019"]
[Site "Bodenmais"]
[Date "2019.07.30"]
[Round "4.11"]
[White "Kurka, Dieter"]
[Black "Zwetz, Anita"]
[Result "1-0"]
[ECO "D00"]
[WhiteElo "2006"]
[BlackElo "1828"]
[Annotator "NA"]
[PlyCount "63"]
[EventDate "2019.07.27"]
[EventType "swiss"]
[EventCountry "GER"]
[SourceTitle "playchess.com"]
[Source "ChessBase"]
[SourceQuality "1"]
[TimeControl "5400+30"]

1. d4 d5 2. Bf4 c6 3. e3 Nf6 4. c4 e6 5. Nc3 Nbd7 6. Nf3 Qa5 7. Qc2 Bb4 8. Nd2 Nh5 9. Bg3 Nxg3 10. hxg3 Nf6 11. Be2 Bd7 12. g4 O-O-O 13. g5 Ne4 14. Ndxe4 dxe4 15. c5 e5 16. O-O exd4 17. Nxe4 Be6 18. a3 dxe3 19. axb4 exf2+ 20. Kxf2 Qxb4 21. Ra4 Qb3 22. Qxb3 Bxb3 23. Rxa7 Kc7 24. Nd6 Rxd6 25. cxd6+ Kxd6 26. Rxb7 Be6 27. Bf3 Rc8 28. Kg3 c5 29. Bg4 g6 30. Rf6 Ke5 31. Re7 Rc6 32. Rfxf7 1-0

[Event "7. Arber-Senioren-Cup 2019"]
[Site "Bodenmais"]
[Date "2019.07.30"]
[Round "4.12"]
[White "Meckel, Helmut"]
[Black "Limberg, Siegfried"]
[Result "0-1"]
[ECO "A00"]
[WhiteElo "1804"]
[BlackElo "1983"]
[Annotator "NA"]
[PlyCount "104"]
[EventDate "2019.07.27"]
[EventType "swiss"]
[EventCountry "GER"]
[SourceTitle "playchess.com"]
[Source "ChessBase"]
[SourceQuality "1"]
[TimeControl "5400+30"]

1. b4 e5 2. Bb2 d6 3. c4 Nf6 4. e3 Bf5 5. Nf3 Nbd7 6. d4 e4 7. Nfd2 d5 8. cxd5 Bxb4 9. Qb3 Bxd2+ 10. Nxd2 Nb6 11. Bb5+ Bd7 12. Ba3 a6 13. Bxd7+ Qxd7 14. d6 Qb5 15. dxc7 Qxb3 16. axb3 Kd7 17. Rc1 Rac8 18. Ke2 Rxc7 19. Rxc7+ Kxc7 20. Rc1+ Kd7 21. Nc4 Nbd5 22. Ne5+ Ke6 23. f3 g5 24. fxe4 Nxe4 25. Nd3 Ndc3+ 26. Ke1 Nd5 27. Nc5+ Nxc5 28. Rxc5 f5 29. g4 Rd8 30. Bb2 b6 31. gxf5+ Kxf5 32. Rc6 Nb4 33. Rc3 Ke4 34. Ke2 Nd5 35. Rc6 Re8 36. Bc1 a5 37. Bd2 Re7 38. Rh6 Kf5 39. Kd3 Nf6 40. h3 Rd7 41. Bc3 Re7 42. e4+ Nxe4 43. Rxb6 Nxc3 44. Kxc3 Re3+ 45. Kc4 Rxh3 46. Rb5+ Kf4 47. Rxa5 g4 48. Ra7 g3 49. Rf7+ Ke3 50. d5 Rh6 51. Rf1 g2 52. Rb1 Rh1 0-1

[Event "7. Arber-Senioren-Cup 2019"]
[Site "Bodenmais"]
[Date "2019.07.30"]
[Round "4.14"]
[White "Berger, Siegfried"]
[Black "Steiger, Michael"]
[Result "0-1"]
[ECO "B43"]
[WhiteElo "1548"]
[BlackElo "2016"]
[Annotator "NA"]
[PlyCount "40"]
[EventDate "2019.07.27"]
[EventType "swiss"]
[EventCountry "GER"]
[SourceTitle "playchess.com"]
[Source "ChessBase"]
[SourceQuality "1"]
[TimeControl "5400+30"]

1. e4 c5 2. Nf3 e6 3. d4 cxd4 4. Nxd4 a6 5. Nc3 Qc7 6. a3 Nf6 7. Bg5 Be7 8. Bd3 d6 9. Qe2 Nbd7 10. f4 h6 11. Bh4 Nxe4 12. Bxe7 Nxc3 13. Qg4 Kxe7 14. O-O Nf6 15. Qxg7 Rg8 16. Nf5+ exf5 17. Rfe1+ Be6 18. Qxh6 Nce4 19. Qh3 Rg3 20. Qh4 Qc5+ 0-1

[Event "7. Arber-Senioren-Cup 2019"]
[Site "Bodenmais"]
[Date "2019.07.30"]
[Round "4.15"]
[White "Korte, Markus"]
[Black "Klimpel, Siegfried"]
[Result "1-0"]
[ECO "B22"]
[WhiteElo "2028"]
[BlackElo "1843"]
[Annotator "NA"]
[PlyCount "40"]
[EventDate "2019.07.27"]
[EventType "swiss"]
[EventCountry "GER"]
[SourceTitle "playchess.com"]
[Source "ChessBase"]
[SourceQuality "1"]
[TimeControl "5400+30"]

1. e4 c5 2. c3 Nf6 3. e5 Nd5 4. Nf3 Nc6 5. d4 e6 6. Bc4 Nb6 7. Bd3 d5 8. exd6 Bxd6 9. O-O Qc7 10. dxc5 Bxc5 11. Nbd2 Bd7 12. Ne4 Be7 13. Re1 O-O-O 14. Qe2 f6 15. a4 g5 16. b4 Ne5 17. Nxe5 Qxe5 18. Be3 Kb8 19. Bd4 Qf4 20. g3 Qc7 1-0

[Event "7. Arber-Senioren-Cup 2019"]
[Site "Bodenmais"]
[Date "2019.07.30"]
[Round "4.16"]
[White "Benischek, Wolfgang"]
[Black "Peglau, Markus"]
[Result "1/2-1/2"]
[ECO "B10"]
[WhiteElo "2022"]
[BlackElo "1849"]
[Annotator "NA"]
[PlyCount "35"]
[EventDate "2019.07.27"]
[EventType "swiss"]
[EventCountry "GER"]
[SourceTitle "playchess.com"]
[Source "ChessBase"]
[SourceQuality "1"]
[TimeControl "5400+30"]

1. e4 c6 2. f4 d5 3. exd5 cxd5 4. Nf3 Nf6 5. d4 Nc6 6. Bd3 g6 7. O-O Bg7 8. c3 Bf5 9. Qe2 Bxd3 10. Qxd3 e6 11. Nbd2 O-O 12. Ne5 Qc7 13. Kh1 Rab8 14. a4 Rbc8 15. Qf3 a6 16. g4 Ne7 17. Qg2 b5 18. Ndf3 1/2-1/2

[Event "7. Arber-Senioren-Cup 2019"]
[Site "Bodenmais"]
[Date "2019.07.30"]
[Round "4.17"]
[White "Moser, Andreas"]
[Black "Steinbach, Peter"]
[Result "0-1"]
[ECO "B01"]
[WhiteElo "1693"]
[BlackElo "1958"]
[Annotator "NA"]
[PlyCount "116"]
[EventDate "2019.07.27"]
[EventType "swiss"]
[EventCountry "GER"]
[SourceTitle "playchess.com"]
[Source "ChessBase"]
[SourceQuality "1"]
[TimeControl "5400+30"]

1. e4 d5 2. exd5 Nf6 3. d4 Bg4 4. Nf3 Qxd5 5. Be2 Nc6 6. Nc3 Qh5 {[%emt 0:00:00] B01: Scandinavian Defence} 7. Bb5 (7. O-O O-O-O 8. h3 Nxd4 9. Nxd4 Bxe2 10. Qxe2 Rxd4 11. Qe3 Qc5 12. b4 Qc4 13. Bb2 e6 14. a3 c5 15. Na4 Rd5 16. Nc3 Rd4 17. Na4 Rd5 18. Nc3 Rd4 19. Na4 Rd5 {½-½ (19) Alekseenko,K (2512)-Zenzera,A (2423) St Petersburg 2015}) 7... e6 8. h3 $146 ({Predecessor:} 8. Qd3 Bd6 9. Ne4 Nxe4 10. Bxc6+ bxc6 11. Qxe4 Bxf3 12. gxf3 O-O 13. Qg4 Qxg4 14. fxg4 {0-1 (23) Soetewey,P (2085)-Vandevoort,P (2273) Gent 1989}) 8... Bd6 9. Be3 O-O 10. Qe2 Nb4 11. O-O-O Bxf3 12. gxf3 a6 13. Bd3 Qa5 14. Bc4 b5 15. Bb3 c6 16. Rhg1 Qc7 17. Ne4 Be7 18. Nxf6+ Bxf6 19. Bg5 Nd5 20. Bxf6 Qf4+ 21. Kb1 $17 Nxf6 22. Qe3 Qf5 23. Qg5 Qxg5 24. Rxg5 Rfd8 25. c3 g6 26. Rdg1 Kf8 27. Re5 Ke7 28. a3 Rac8 29. Rgg5 Nd7 30. Re1 Kf6 31. Rgg1 c5 32. dxc5 Nxc5 33. Bc2 Rd2 34. Rgf1 Rcd8 35. Kc1 R8d5 36. Rd1 Rxd1+ 37. Bxd1 Nd3+ 38. Kc2 Nf4 39. Rh1 Rh5 40. b3 Rxh3 41. Rf1 Rh2 42. Kd2 h5 43. c4 bxc4 44. bxc4 h4 45. Ke3 Ke5 46. Ba4 f6 47. Bc2 f5 48. a4 Nh5 49. Kd3 Nf4+ 50. Ke3 g5 51. Bb3 g4 52. Bd1 g3 53. fxg3 hxg3 54. c5 g2 55. Rg1 Rh1 56. Kf2 Nh3+ 57. Kxg2 Rxg1+ 58. Kxh3 Rxd1 0-1

[Event "7. Arber-Senioren-Cup 2019"]
[Site "Bodenmais"]
[Date "2019.07.30"]
[Round "4.18"]
[White "Schwalb, Manfred"]
[Black "Kirschner, Torsten"]
[Result "1/2-1/2"]
[ECO "B20"]
[WhiteElo "1965"]
[BlackElo "1767"]
[Annotator "NA"]
[PlyCount "105"]
[EventDate "2019.07.27"]
[EventType "swiss"]
[EventCountry "GER"]
[SourceTitle "playchess.com"]
[Source "ChessBase"]
[SourceQuality "1"]
[TimeControl "5400+30"]

1. e4 c5 2. d3 e6 3. g3 Nc6 4. Bg2 Nf6 5. Nf3 d6 6. O-O Be7 7. Nbd2 Bd7 8. c3 Qc7 9. a3 d5 10. Re1 d4 11. e5 dxc3 12. bxc3 Nd5 13. c4 Nb6 14. Bb2 Na5 15. a4 Rd8 16. Bc3 Nc8 17. Rb1 Bc6 18. Qc2 O-O 19. Ne4 Rd7 20. Re2 Rfd8 21. Ne1 h6 22. h4 Bxe4 23. Bxe4 Nc6 24. f4 b6 25. Re3 Nd4 26. Qg2 Bf8 27. Bxd4 cxd4 28. Re2 Ne7 29. g4 Rc8 30. h5 f5 31. exf6 gxf6 32. Qg3 Kh8 33. Rg2 Bg7 34. Nc2 Rg8 35. Nb4 f5 36. Bf3 Bf6 37. Qh2 fxg4 38. Bxg4 Nf5 39. Bxf5 Rxg2+ 40. Kxg2 exf5 41. Kf3 Rg7 42. Nd5 Qc6 43. Re1 Re7 44. Rxe7 Bxe7 45. Qe2 Bf6 46. Kg3 Kg7 47. Qg2 Bd8 48. Qe2 Kf7 49. Qe5 Qe6 50. Qxe6+ Kxe6 51. Nb4 Kd6 52. Kf3 a5 53. Nc2 1/2-1/2

[Event "7. Arber-Senioren-Cup 2019"]
[Site "Bodenmais"]
[Date "2019.07.30"]
[Round "4.19"]
[White "Halli, Gerhard"]
[Black "Boldt, Heinrich"]
[Result "1-0"]
[ECO "D00"]
[WhiteElo "1955"]
[BlackElo "1803"]
[Annotator "NA"]
[PlyCount "77"]
[EventDate "2019.07.27"]
[EventType "swiss"]
[EventCountry "GER"]
[SourceTitle "playchess.com"]
[Source "ChessBase"]
[SourceQuality "1"]
[TimeControl "5400+30"]

1. d4 d5 2. Bf4 Nf6 3. e3 Bf5 4. Bd3 Bxd3 5. Qxd3 c6 6. Nf3 e6 7. O-O Qc8 8. Nbd2 Nh5 9. Bg5 Nd7 10. e4 h6 11. Bh4 g5 12. Bg3 Nxg3 13. hxg3 Nf6 14. e5 Nh5 15. Nh2 Be7 16. Ng4 Ng7 17. f4 Nf5 18. c3 c5 19. Rfc1 Qc6 20. Nf1 O-O-O 21. Nge3 Nxe3 22. Nxe3 c4 23. Qe2 Rdg8 24. f5 h5 25. Rf1 Qe8 26. Qc2 g4 27. f6 Bf8 28. b3 Qc6 29. Kf2 Bh6 30. Rh1 Bxe3+ 31. Kxe3 Rg5 32. bxc4 dxc4 33. Qe4 Kc7 34. Rab1 b6 35. Rb4 Rgg8 36. Qxc6+ Kxc6 37. Rxc4+ Kd5 38. Rc7 b5 39. Rc5# {Kc6 Rc4+} 1-0

[Event "7. Arber-Senioren-Cup 2019"]
[Site "Bodenmais"]
[Date "2019.07.30"]
[Round "4.20"]
[White "Otto, Klaus"]
[Black "Mahnke, Ralf"]
[Result "1/2-1/2"]
[ECO "C50"]
[WhiteElo "1725"]
[BlackElo "1925"]
[Annotator "NA"]
[PlyCount "46"]
[EventDate "2019.07.27"]
[EventType "swiss"]
[EventCountry "GER"]
[SourceTitle "playchess.com"]
[Source "ChessBase"]
[SourceQuality "1"]
[TimeControl "5400+30"]

1. e4 e5 2. Nf3 Nc6 3. Bc4 Bc5 4. O-O Nf6 5. Nc3 O-O 6. a3 d6 7. b4 Bb6 8. Be2 Be6 9. d3 h6 10. Na4 Nd4 11. Nxd4 Bxd4 12. c3 Bb6 13. Nxb6 axb6 14. c4 c6 15. Bb2 c5 16. b5 Ne8 17. f4 exf4 18. Rxf4 Qg5 19. Rf3 Qg6 20. Rg3 Qh7 21. Qd2 f5 22. exf5 Bxf5 23. Rf1 Nf6 1/2-1/2

[Event "7. Arber-Senioren-Cup 2019"]
[Site "Bodenmais"]
[Date "2019.07.30"]
[Round "4.21"]
[White "Riess, Michael"]
[Black "Ketzscher, Roland"]
[Result "1/2-1/2"]
[ECO "A00"]
[WhiteElo "1686"]
[BlackElo "1917"]
[Annotator "NA"]
[PlyCount "66"]
[EventDate "2019.07.27"]
[EventType "swiss"]
[EventCountry "GER"]
[SourceTitle "playchess.com"]
[Source "ChessBase"]
[SourceQuality "1"]
[TimeControl "5400+30"]

1. Nc3 d5 2. e4 dxe4 3. Nxe4 e5 4. Nf3 Bg4 5. Be2 Nc6 6. O-O Be7 7. d3 Nf6 8. Be3 O-O 9. Nxf6+ Bxf6 10. h3 Bh5 11. Nd2 Bxe2 12. Qxe2 Be7 13. Nb3 b6 14. a3 a5 15. Qg4 Kh8 16. Rad1 a4 17. Nd2 f5 18. Qf3 Qd7 19. Nb1 f4 20. Bd2 Nd4 21. Qe4 f3 22. Qg4 Qc6 23. Qe4 Qf6 24. g3 Rae8 25. Nc3 Qe6 26. Qg4 Qxg4 27. hxg4 Nxc2 28. Nxa4 Nd4 29. Nc3 Rd8 30. Rfe1 Nc6 31. Be3 Rd7 32. Nb5 Nd8 33. d4 exd4 1/2-1/2